 Dungeon Crawl Stone Soup version 0.27.1 (webtiles) character file.

Game seed: 17405708597751909141

53 chaosape the Magician (level 3, -7/26 HPs)
             Began as a Gnoll Wanderer on Aug 23, 2021.
             Was a Believer of Elyvilon.
             Mangled by a gnoll (10 damage)
             ... on level 3 of the Dungeon.
             The game lasted 00:19:19 (2428 turns).

chaosape the Magician (Gnoll Wanderer)              Turns: 2428, Time: 00:19:24

Health: -7/26      AC:  2    Str: 20    XL:     3   Next: 87%
Magic:  7/9        EV: 12    Int: 11    God:    Elyvilon [**....]
Gold:   50         SH:  0    Dex:  9    Spells: 9/12 levels left

rFire    + . .     SeeInvis .   C - staff of fire
rCold    . . .     Faith    .   (no shield)
rNeg     + . .     Spirit   .   c - +0 robe
rPois    .         Reflect  .   (helmet currently unavailable)
rElec    .         Harm     .   (no cloak)
rCorr    .         Rampage  .   (no gloves)
Will     .....                  (boots currently unavailable)
Stlth    ++........             (no amulet)
HPRegen  0.08/turn              E - +6 ring of strength
MPRegen  0.11/turn              F - ring of positive energy

@: appendages
A: horns 2, talons 2, fangs 1, strong nose, distributed training
a: End Transformation, Renounce Religion, Lesser Healing, Heal Other, Divine
Protection


You were on level 3 of the Dungeon.
You worshipped Elyvilon.
Elyvilon was pleased with you.
You had temporarily grown beastly horns and talons.
You visited 1 branch of the dungeon, and saw 3 of its levels.

You collected 50 gold pieces.

Inventory:

Hand Weapons
 a - a +2 dagger
 g - a +0 short sword
 i - a +0 club
 j - a +0 dagger
 k - a +0 dagger
 m - a +0 dagger
 q - a +0 dagger
 s - a +0 dagger
 v - a +0 club
 x - a +0 dire flail
Missiles
 h - 47 stones
 n - 34 poisoned darts
 w - 8 atropa-tipped darts
Armour
 c - a +0 robe (worn)
 B - a +0 robe
 D - a +1 pair of boots of stealth (melded)
Magical Staves
 C - a staff of fire (weapon)
Jewellery
 E - a +6 ring of strength (left hand)
 F - a ring of positive energy (right hand)
Scrolls
 e - a scroll of enchant armour {unknown}
 f - a scroll of noise {unknown}
 o - 2 scrolls of identify {unknown}
 y - a scroll of teleportation {unknown}
 A - a scroll of amnesia {unknown}
Potions
 b - a potion of berserk rage
 d - 3 potions of lignification {unknown}
 l - a potion of flight {unknown}
 p - a potion of curing {unknown}
 r - 3 potions of brilliance {unknown}
 t - a potion of attraction {unknown}
 u - a potion of ambrosia {unknown}
 z - a potion of heal wounds {unknown}


   Skills:
 + Level 1.0 Fighting
 + Level 1.0 Short Blades
 + Level 1.0 Long Blades
 + Level 1.0 Axes
 + Level 1.0 Maces & Flails
 + Level 1.0 Polearms
 + Level 1.0 Staves
 + Level 1.0 Slings
 + Level 1.0 Bows
 + Level 1.0 Crossbows
 + Level 2.6 Throwing
 + Level 1.0 Armour
 + Level 2.6 Dodging
 + Level 4.2 Stealth
 + Level 2.6 Shields
 + Level 1.0 Unarmed Combat
 + Level 5.0 Spellcasting
 + Level 3.8 Conjurations
 + Level 0.7 Hexes
 + Level 0.7 Summonings
 + Level 0.7 Necromancy
 + Level 0.7 Translocations
 + Level 0.7 Transmutations
 + Level 0.7 Fire Magic
 + Level 0.7 Ice Magic
 + Level 2.1 Air Magic
 + Level 0.7 Earth Magic
 + Level 0.7 Poison Magic
 + Level 1.0 Invocations
 + Level 1.0 Evocations


You had 9 spell levels left.
You knew the following spells:

 Your Spells              Type           Power      Damage    Failure   Level
a - Beastly Appendage     Tmut           8%         N/A       16%         1
b - Static Discharge      Conj/Air       9%         N/A       10%         2

Your spell library contained the following spells:

 Spells                   Type           Power      Damage    Failure   Level
 Poisonous Vapours        Pois/Air       10%        N/A       19%         2
 Spider Form              Tmut/Pois      2%         N/A       43%         3


Dungeon Overview and Level Annotations

Branches:
Dungeon (3/15)

Altars:
Elyvilon

Shops:
D:2 [


Innate Abilities, Weirdness & Mutations

You have temporarily grown beastly horns and talons.
You have very sharp teeth.
Your uncanny sense of smell can sniff out nearby items.
Your experience applies equally to all skills.


Message History

Okay, then.
You are healed.
The gnoll misses you.
The gnoll hits you from afar with a +0 halberd!
Elyvilon protects you from harm! The gnoll misses you.
Casting: Beastly Appendage (safe; 16% risk of failure)
Press: ? - help, Q - select action, (/) - cycle Dir - look around, f - activate
Okay, then.
C - a staff of fire (weapon)
The gnoll hits you but does no damage.
Casting: Beastly Appendage (safe; 16% risk of failure)
Press: ? - help, Q - select action, (/) - cycle Dir - look around, f - activate
Okay, then.
There's nothing to close nearby.
Unknown command.
There's nothing to close nearby.
You are already wielding that!
Okay, then.
Unknown command.
Hit: C) staff of fire
Press: ? - help, Dir - move target, f - gnoll
Aim: a gnoll, wielding a +0 whip (about 39% to evade your staff of fire)
You hit the gnoll.
The gnoll is moderately wounded.
The gnoll hits you from afar with a +0 spear.
The gnoll misses you.
Hit: C) staff of fire
Press: ? - help, Dir - move target, f/p - gnoll
Aim: a gnoll, wielding a +0 whip (moderately wounded, about 39% to evade your staff of fire)
You barely miss the gnoll.
The gnoll is moderately wounded.
The gnoll closely misses you. x2; The gnoll misses you.
Casting: Beastly Appendage (safe; 16% risk of failure)
Confirm with . or Enter, or press ? or * to list all spells.
You grow a pair of large bovine horns.
Your feet morph into talons.
Your +1 pair of boots of stealth melds into your body.
You feel less stealthy. The gnoll hits you with a +0 whip.
* * * LOW HITPOINT WARNING * * *
The gnoll hits you from afar with a +0 spear!
You die...

##..#.# #.# ......# ...
..#.# #.# #.#.# #######
#.# #.#.#####.....#
#.### .......##.....#
#...#
#.#...........#####.#.#
..............##......##
........#.....##@#+#...#
......##..######g# #.#.#
.....#.#..# ##g# #.#.#
...##.#...# ##.g# #...#
..#.##....# #..## ##..#
##.#.#.รท..# #..# #..#
.##.#.....####..# #..#
..##............# #..#
............##..## ##..#


You could see 3 gnolls.

Vanquished Creatures
  A gnoll (D:3)
  An adder (D:2)
  A worm (D:3)
  A dart slug (D:1)
  3 bats
  4 endoplasms
  2 giant cockroaches
  2 goblins
  3 hobgoblins
  3 kobolds
  A quokka (D:3)
  2 ball pythons
  A frilled lizard (D:2)
  2 rats (D:2)
27 creatures vanquished.

Notes
Turn   | Place    | Note
-------+----------+-------------------------------------------
     0 | D:1      | chaosape the Gnoll Wanderer began the quest for the Orb.
     0 | D:1      | chaosape set off with the following items: a +2 dagger, a
                  | potion of berserk rage, a +0 robe; and the following spell
                  | memorised: Beastly Appendage; and the following spells
                  | available to memorise: Static Discharge, Poisonous Vapours,
                  | Spider Form
     0 | D:1      | Reached XP level 1. HP: 13/13 MP: 6/6
   330 | D:1      | Reached XP level 2. HP: 19/19 MP: 7/7
  1087 | D:2      | Found a faded altar of an unknown god.
  1101 | D:2      | Became a worshipper of Elyvilon the Healer
  1101 | D:2      | Reached * piety under Elyvilon
  1111 | D:2      | Learned a level 2 spell: Static Discharge
  1172 | D:2      | Reached XP level 3. HP: 25/25 MP: 9/9
  1288 | D:2      | Found Ufuing's Armour Shop.
  1314 | D:2      | Reached skill level 5 in Spellcasting
  2036 | D:3      | Reached ** piety under Elyvilon
  2046 | D:3      | Reached skill level 1 in Invocations
  2417 | D:3      | Reached skill level 1 in Fighting
  2417 | D:3      | Reached skill level 1 in Short Blades
  2417 | D:3      | Reached skill level 1 in Long Blades
  2417 | D:3      | Reached skill level 1 in Axes
  2417 | D:3      | Reached skill level 1 in Maces & Flails
  2417 | D:3      | Reached skill level 1 in Polearms
  2417 | D:3      | Reached skill level 1 in Staves
  2417 | D:3      | Reached skill level 1 in Slings
  2417 | D:3      | Reached skill level 1 in Bows
  2417 | D:3      | Reached skill level 1 in Crossbows
  2417 | D:3      | Reached skill level 1 in Armour
  2417 | D:3      | Reached skill level 1 in Unarmed Combat
  2417 | D:3      | Reached skill level 1 in Evocations
  2423 | D:3      | Elyvilon protects you from harm!
  2428 | D:3      | Mangled by a gnoll

Illustrated notes

Levels and vault maps discovered:
D:1:      amcnicky_arrival_gap_in_the_tavern_cellar, layout_basic
D:2:      layout_basic, shapermc_ecumenical_altar_starsandcircs, serial_shops,
          shop
D:3:      layout_loops_cross, mainiacjoe_overflow_surrounded_room,
          minmay_misc_feat_secret_circle

Skill      XL: |  1  2  3 |
---------------+----------+-----
Air Magic      | 2 |  2.1
Spellcasting   | 5 |  5.0
Invocations    | 1 |  1.0
Fighting       | 1 |  1.0
Short Blades   | 1 |  1.0
Long Blades    | 1 |  1.0
Axes           | 1 |  1.0
Maces & Flails | 1 |  1.0
Polearms       | 1 |  1.0
Staves         | 1 |  1.0
Slings         | 1 |  1.0
Bows           | 1 |  1.0
Crossbows      | 1 |  1.0
Armour         | 1 |  1.0
Unarmed Combat | 1 |  1.0
Evocations     | 1 |  1.0
Throwing       | |  2.6
Dodging        | |  2.6
Stealth        | |  4.2
Shields        | |  2.6
Conjurations   | |  3.8
Hexes          | |  0.7
Summonings     | |  0.7
Necromancy     | |  0.7
Translocations | |  0.7
Transmutations | |  0.7
Fire Magic     | |  0.7
Ice Magic      | |  0.7
Earth Magic    | |  0.7
Poison Magic   | |  0.7

Action                   || total
-------------------------++-------
Melee: Dagger            ||   100
       Bite              ||     4
       Kick              ||     1
       Staff             ||     2
 Cast: Beastly Appendage ||     3
Invok: Lesser Healing    ||     1
 Stab: Sleeping          ||     4
Armor: Robe              ||    19
Dodge: Dodged            ||    58
